 Dungeon Crawl Stone Soup version 0.32-a0-818-gb728d0252e (webtiles) character file.

Game seed: 9486386325381815758

611 shadizar the Magician (level 7, -1/45 HPs)
             Began as a Djinni Air Elementalist on Mar 23, 2024.
             Slain by a crocodile zombie (7 damage)
             ... in an ossuary.
             The game lasted 00:05:14 (3728 turns).

shadizar the Magician (Djinni Air Elementalist)     Turns: 3728, Time: 00:05:15

Health: -1/45      AC:  3    Str: 13    XL:     7   Next: 72%
Gold:   144        EV: 11    Int: 18    God:
                   SH:  0    Dex: 14

rFire   + + .        (no weapon)
rCold   x . .        (no shield)
rNeg    . . .        a - +0 robe
rPois   ∞            n - +0 helmet
rElec   .            (no cloak)
rCorr   .            (no gloves)
SInv    .            (boots unavailable)
Will    .....        (no amulet)
Stlth   +            b - +6 ring of strength
HPRegen 0.27/turn    (no ring)
MPRegen 0.00/turn

%: infuse magic (-2 HP)
@: confused, ambrosia-drunk, flying
A: sickness immunity, fire resistance 2, cold vulnerability 1, float, innate
caster, HP casting, extra vitality 1
a: no special abilities


You were in an ossuary.
You visited 1 branch of the dungeon, and saw 4 of its levels.
You also visited: Ossuary.

You collected 144 gold pieces.

Inventory:

Armour
 a - a +0 robe (worn)
 n - a +0 helmet (worn)
Jewellery
 b - a +6 ring of strength (left hand)
 q - the ring of Lisoro {Fire rElec MP+9 Int+3 Dex+3}
   (You found it on level 3 of the Dungeon)

   [ring of fire]

   Fire:      It enhances your fire magic.
   Int+3:     It affects your intelligence (+3).
   Dex+3:     It affects your dexterity (+3).
   rF+:       It protects you from fire.
   rC-:       It makes you vulnerable to cold.
   rElec:     It insulates you from electricity.
   MP+9:      It affects your magic capacity (+9).
Scrolls
 d - a scroll of revelation {unknown}
 e - 3 scrolls of blinking {unknown}
 h - a scroll of butterflies {unknown}
 i - 2 scrolls of amnesia {unknown}
 j - 2 scrolls of teleportation {unknown}
 k - a scroll of immolation {unknown}
 p - a scroll of identify {unknown}
Potions
 f - 2 potions of enlightenment
 l - a potion of mutation {unknown}
 m - a potion of haste {unknown}
 o - a potion of heal wounds {unknown}
 r - a potion of attraction {unknown}
 s - a potion of berserk rage {unknown}


   Skills:
 - Level 2.1 Dodging
 - Level 1.5 Stealth
 + Level 6.8 Spellcasting
 + Level 6.8 Conjurations
 + Level 6.8 Hexes
 + Level 6.8 Summonings
 + Level 6.8 Necromancy
 + Level 6.8 Translocations
 + Level 6.8 Fire Magic
 + Level 6.8 Ice Magic
 + Level 6.8 Air Magic
 + Level 6.8 Earth Magic
 + Level 6.8 Alchemy


You knew the following spells:

 Your Spells              Type           Power      Damage    Failure   Level
a - Shock                 Conj/Air       100%       1d9       1%          1
b - Static Discharge      Conj/Air       60%        3-6/arc   1%          2
c - Swiftness             Air            30%        N/A       1%          3
d - Airstrike             Air            15%        2d(3-19)  6%          4
e - Necrotise             Necr           100%       1d9       1%          1
f - Call Imp              Summ           60%        N/A       1%          2
g - Call Canine Familiar  Summ           30%        N/A       1%          3
Your spell library was empty.

Dungeon Overview and Level Annotations

Branches:
Dungeon (4/15)            Ossuary (1/1)
 Temple: D:4-7

Altars:


Innate Abilities, Weirdness & Mutations

You are immune to sickness and miasma.
You are immune to poison.
Your flesh is very heat resistant. (rF++)
You are vulnerable to cold. (rC-)
You float through the air rather than walking.
You learn spells naturally, not from books.
Your magical power is your life essence.
You have superior vitality. (+4 MHP)


Message History

Unknown command.
Unknown command.
Unknown command.
Unknown command.
Unknown command.
Unknown command.
Casting: Static Discharge (safe; 1% risk of failure)
Confirm with . or Enter, or press ? or * to list all spells.
The crocodile zombie is struck by an arc of lightning.
The crocodile zombie is almost destroyed.
The elf zombie is struck by an arc of lightning.
You destroy the elf zombie!
You are struck by an arc of lightning.
* * * LOW HITPOINT WARNING * * *
The crocodile zombie is struck by an arc of lightning.
The crocodile zombie is almost destroyed.
The lightning grounds out.
* * * LOW HITPOINT WARNING * * *
The crocodile zombie bites you.
* * * LOW HITPOINT WARNING * * *
Unknown command.
Unknown command.
Unknown command.
Unknown command.
Unknown command.
Unknown command.
Unknown command.
Unknown command.
Unknown command.
Unknown command.
Unknown command.
You are confused.
You feel invigorated.
The crocodile zombie closely misses you.
Unknown command.
The crocodile zombie bites you!
* * * LOW HITPOINT WARNING * * *
Unknown command.
The crocodile zombie bites you!
You die...

#..#..##'#.∩# #.
#..#.....#..# #.
#..####..#..#
#+#.#+#..# #..#.∩#
#.....#..# #..#..#
#...##..## #.##..#
#...#....# #.#...#
#...#....# ..#...#
+Z@'....##∩##...#
###......###....#
..................#
..................#
###################


You could see a crocodile zombie.

Vanquished Creatures
  An elf zombie (Ossuary)
  A centaur zombie (Ossuary)
  A hound (D:3)
  A human zombie (Ossuary)
  A crocodile zombie (Ossuary)
  A hound zombie (Ossuary)
  A mummy (Ossuary)
  Robin (D:3)
  A gnoll (D:1)
  2 adders
  3 adder zombies (Ossuary)
  A ribbon worm (D:2)
  2 dart slugs
  An orc (D:3)
  3 endoplasms
  A giant cockroach (D:2)
  A gnoll zombie (Ossuary)
  7 hobgoblins
  9 jackals
  4 quokkas
  8 ball pythons
  5 ball python zombies (Ossuary)
  6 bats
  7 frilled lizards
  13 goblins
  2 jackal zombies (Ossuary)
  7 kobolds
  5 kobold zombies (Ossuary)
  4 orc zombies (Ossuary)
  12 rats
112 creatures vanquished.

Vanquished Creatures (collateral kills)
  Grinder (D:3)
  An elf zombie (Ossuary)
  A jackal zombie (Ossuary)
3 creatures vanquished.

Grand Total: 115 creatures vanquished

Notes
Turn   | Place    | Note
-------+----------+-------------------------------------------
     0 | D:1      | shadizar the Djinni Air Elementalist began the quest for
                  | the Orb.
     0 | D:1      | shadizar set off with the following spells memorised:
                  | Shock, Static Discharge, Swiftness, Airstrike.
     0 | D:1      | Reached XP level 1. HP: 15/15 MP: 0/0
   162 | D:1      | Reached XP level 2. HP: 19/21 MP: 0/0
   514 | D:1      | Reached XP level 3. HP: 23/25 MP: 0/0
   514 | D:1      | Learned a level 1 spell: Necrotise
   947 | D:2      | Reached XP level 4. HP: 29/31 MP: 0/0
  1983 | D:3      | Noticed Robin
  1986 | D:3      | Killed Robin
  1987 | D:3      | Reached XP level 5. HP: 21/35 MP: 0/0
  1987 | D:3      | Learned a level 2 spell: Call Imp
  2176 | D:3      | Found a faded altar of an unknown god.
  2298 | D:3      | Noticed Grinder
  2319 | D:3      | Paralysed by Grinder for 5 turns
  2322 | D:3      | Killed Grinder
  2323 | D:3      | Reached skill level 5 in Spellcasting
  2323 | D:3      | Reached skill level 5 in Conjurations
  2323 | D:3      | Reached skill level 5 in Hexes
  2323 | D:3      | Reached skill level 5 in Summonings
  2323 | D:3      | Reached skill level 5 in Necromancy
  2323 | D:3      | Reached skill level 5 in Translocations
  2323 | D:3      | Reached skill level 5 in Fire Magic
  2323 | D:3      | Reached skill level 5 in Ice Magic
  2323 | D:3      | Reached skill level 5 in Air Magic
  2323 | D:3      | Reached skill level 5 in Earth Magic
  2323 | D:3      | Reached skill level 5 in Alchemy
  2323 | D:3      | Reached XP level 6. HP: 4/40 MP: 0/0
  2562 | D:3      | Identified the ring of Lisoro {Fire rElec MP+9 Int+3 Dex+3}
  3089 | D:4      | Found a sand-covered staircase.
  3093 | Ossuary  | Entered an ossuary
  3130 | Ossuary  | Reached XP level 7. HP: 30/45 MP: 0/0
  3130 | Ossuary  | Learned a level 3 spell: Call Canine Familiar
  3269 | Ossuary  | HP: 2/45 [/static electricity (2)]
  3725 | Ossuary  | HP: 2/45 [crocodile zombie (5)]
  3728 | Ossuary  | Slain by a crocodile zombie

Illustrated notes

Levels and vault maps discovered:
D:1:      dpeg_arrival_boxes_within_box, layout_loops_ring
D:2:      layout_rooms, ebering_dispersal_statue_hall
D:3:      layout_loops_corners, ebering_ecumenical_altar_webs, uniq_robin,
          uniq_grinder
D:4:      layout_basic, zin_purify, nicolae_overflow_macrodata_refinement,
          enter_ossuary_5
Ossuary:  minmay_ossuary_two_tombs

Skill      XL: |  1  2  3  4  5  6 |
---------------+-------------------+-----
Spellcasting   | 4 5 6 |  6.8
Conjurations   | 4 5 6 |  6.8
Hexes          | 4 5 6 |  6.8
Summonings     | 4 5 6 |  6.8
Necromancy     | 4 5 6 |  6.8
Translocations | 4 5 6 |  6.8
Fire Magic     | 4 5 6 |  6.8
Ice Magic      | 4 5 6 |  6.8
Air Magic      | 4 5 6 |  6.8
Earth Magic    | 4 5 6 |  6.8
Alchemy        | 4 5 6 |  6.8
Dodging        | |  2.1
Stealth        | |  1.5

Action                     |  1- 3 |  4- 6 |  7- 9 || total
---------------------------+-------+-------+-------++-------
  Melee: Unarmed           |       |       |     1 ||     1
   Cast: Shock             |    58 |   118 |    64 ||   240
         Call Imp          |       |     2 |     2 ||     4
         Static Discharge  |       |       |     8 ||     8
         Call Canine Famil |       |       |     1 ||     1
    Use: Potion            |       |       |     4 ||     4
 Armour: Robe              |     3 |     8 |    70 ||    81
  Dodge: Dodged            |     6 |    14 |    44 ||    64

Table legend: (Time is in decaauts)
 A = Elapsed time spent in this place.
 B = Non-inter-level travel time spent in this place.
 C = Inter-level travel time spent in this place.
 D = Time resting spent in this place.
 E = Time spent auto-exploring this place.
 F = Levels seen in this place.
 G = Mean time per level.
                   A        B        C        D        E       F      G
               +--------+--------+--------+--------+--------+-----+--------+
         Total |   3727 |   3534 |    193 |      0 |   2894 |   5 |  745.4 |
       Dungeon |   3092 |   2899 |    193 |      0 |   2458 |   4 |  773.0 |
       Ossuary |    634 |    634 |      0 |      0 |    436 |   1 |  634.0 |
               +--------+--------+--------+--------+--------+-----+--------+

Top non-repeatable levels by time:
     D:3: 1229 daAuts
     D:1: 989 daAuts
     D:2: 662 daAuts
 Ossuary: 634 daAuts
     D:4: 211 daAuts
